General information
- name: BNet
- type: Ladder team game (AT/RT)
- host: Battle.net
- saver: WhatHappened2Me
map: TwilightRuins
- players: 8
- length: 27:25
- speed: Fast
- version: 1.28 W3XP
- replay type: Public
» download(174 KB)
Players
team 1 (loser)
susanin (
orange | 59 APM | 1609 actions | 27:24)
4 Archmage
2 Summon Water Elemental
2 Brilliance Aura
4 Paladin
2 Divine Shield
2 Holy Light
» actions
| Assign group hotkey | 47 | |
| Basic commands | 2 | |
| Build / train | 150 | |
| Enter build submenu | 32 | |
| Enter hero's abilities submenu | 9 | |
| Give item / drop item | 1 | |
| Remove unit from queue | 4 | |
| Right click | 445 | |
| Select / deselect | 258 | |
| Select group hotkey | 567 | |
| Use ability | 94 | |
1609 total
» units
| Peasant | 21 | |
| Footman | 13 | |
| Knight | 11 | |
| Siege Engine | 15 | |
| Flying Machine | 53 | |
113 total
» upgrades
| Gunpowder | 3 | |
| Plating | 2 | |
| Barrage | 1 | |
| Lumber Harvesting | 2 | |
| Flak Cannons | 1 | |
| Flying Machine Bombs | 1 | |
10 total
» buildings
| Barracks | 1 | |
| Farm | 18 | |
| Altar of Kings | 2 | |
| Lumber Mill | 3 | |
| Arcane Vault | 1 | |
| Town Hall | 1 | |
| Scout Tower | 5 | |
| Guard Tower | 5 | |
| Keep | 1 | |
| Blacksmith | 2 | |
| Castle | 1 | |
| Workshop | 3 | |
43 total
» build order
00:08 Barracks
00:20 Farm
00:37 Altar of Kings
01:08 Farm
01:56 Farm
02:26 Lumber Mill
02:37 Farm
02:56 Arcane Vault
04:00 Town Hall
04:05 Scout Tower
04:05 Scout Tower
04:06 Scout Tower
04:35 Guard Tower
04:36 Guard Tower
04:42 Scout Tower
04:43 Scout Tower
05:18 Keep
05:26 Guard Tower
05:30 Guard Tower
05:45 Lumber Mill
06:19 Guard Tower
06:44 Farm
06:48 Blacksmith
07:42 Castle
09:55 Workshop
10:03 Workshop
10:21 Workshop
10:33 Altar of Kings
10:43 Farm
10:47 Farm
10:47 Farm
10:48 Farm
12:22 Farm
12:48 Lumber Mill
14:13 Farm
17:32 Farm
18:11 Farm
19:15 Farm
19:18 Farm
19:20 Farm
20:30 Farm
21:36 Blacksmith
22:44 Farm
» items
| Scroll of Regeneration | 2 | |
| Potion of Healing | 2 | |
| Staff of Sanctuary | 1 | |
| Potion of Mana | 1 | |
6 total

»
agallet (
pink | 53 APM | 1361 actions | 25:46)
6 Dark Ranger
2 Black Arrow
1 Life Drain
2 Silence
1 Charm
3 Naga Sea Witch
1 Frost Arrows
2 Mana Shield
» actions
| Assign group hotkey | 49 | |
| Basic commands | 193 | |
| Build / train | 104 | |
| Enter build submenu | 22 | |
| Enter hero's abilities submenu | 9 | |
| Remove unit from queue | 1 | |
| Right click | 280 | |
| Select / deselect | 307 | |
| Select group hotkey | 345 | |
| Use ability | 51 | |
1361 total
» units
| Wisp | 26 | |
| Archer | 11 | |
| Hippogryph | 13 | |
| Chimaera | 10 | |
| Dryad | 5 | |
65 total
» upgrades
| Strength of the Moon | 2 | |
| Improved Bows | 1 | |
| Marksmanship | 1 | |
| Hippogryph Taming | 1 | |
| Moon Armor | 1 | |
| Strength of the Wild | 3 | |
| Corrosive Breath | 1 | |
| Reinforced Hides | 1 | |
| Abolish Magic | 1 | |
12 total
» buildings
| Moon Well | 9 | |
| Altar of Elders | 1 | |
| Ancient of War | 1 | |
| Hunter's Hall | 1 | |
| Tree of Ages | 4 | |
| Ancient of Wonders | 1 | |
| Ancient Protector | 5 | |
| Tree of Life | 1 | |
| Tree of Eternity | 1 | |
| Ancient of Wind | 1 | |
| Chimaera Roost | 3 | |
| Ancient of Lore | 1 | |
29 total
» build order
00:21 Moon Well
00:55 Altar of Elders
01:17 Ancient of War
01:49 Moon Well
02:38 Hunter's Hall
03:24 Moon Well
03:34 Moon Well
03:57 Tree of Ages
03:57 Tree of Ages
03:58 Tree of Ages
04:32 Ancient of Wonders
04:38 Ancient Protector
06:27 Tree of Life
06:31 Ancient Protector
07:02 Tree of Eternity
08:36 Ancient of Wind
11:31 Ancient Protector
11:32 Ancient Protector
11:44 Chimaera Roost
11:44 Chimaera Roost
12:22 Moon Well
12:23 Moon Well
13:10 Moon Well
13:11 Moon Well
13:12 Moon Well
17:41 Chimaera Roost
17:44 Ancient of Lore
24:19 Ancient Protector
» items
| Potion of Lesser Invulnerability | 1 | |
| Scroll of Town Portal | 4 | |
5 total
NACHAPOP (
green | 46 APM | 946 actions | 20:35)
5 Demon Hunter
1 Immolation
2 Evasion
2 Mana Burn
» actions
| Build / train | 81 | |
| Enter build submenu | 23 | |
| Enter hero's abilities submenu | 5 | |
| Give item / drop item | 2 | |
| Remove unit from queue | 4 | |
| Right click | 453 | |
| Select / deselect | 321 | |
| Use ability | 57 | |
946 total
» units
» upgrades
| Improved Bows | 1 | |
| Strength of the Moon | 3 | |
| Moon Armor | 2 | |
| Marksmanship | 1 | |
| Well Spring | 1 | |
| Ultravision | 1 | |
9 total
» buildings
| Moon Well | 9 | |
| Altar of Elders | 1 | |
| Ancient of War | 3 | |
| Ancient of Wonders | 2 | |
| Tree of Ages | 1 | |
| Tree of Eternity | 1 | |
| Hunter's Hall | 1 | |
| Tree of Life | 1 | |
19 total
» build order
00:18 Moon Well
00:25 Altar of Elders
01:18 Ancient of War
01:41 Ancient of Wonders
02:03 Moon Well
02:24 Ancient of War
02:50 Moon Well
03:06 Moon Well
05:13 Moon Well
05:40 Tree of Ages
06:19 Moon Well
11:35 Tree of Eternity
11:41 Hunter's Hall
11:47 Moon Well
12:21 Tree of Life
16:21 Moon Well
16:24 Ancient of War
16:48 Ancient of Wonders
19:37 Moon Well
» items
| Sentry Wards | 2 | |
| Scroll of Town Portal | 3 | |
| Potion of Healing | 3 | |
| Staff of Teleportation | 1 | |
| Potion of Lesser Invulnerability | 1 | |
| Healing Wards | 1 | |
| Wand of Lightning Shield | 1 | |
| Orb of Fire | 1 | |
| Potion of Mana | 1 | |
| Boots of Speed | 1 | |
15 total

»
nicoooo (
yellow | 21 APM | 524 actions | 24:41)
4 Far Seer
2 Feral Spirit
1 Chain Lighting
1 Far Sight
» actions
| Assign group hotkey | 7 | |
| Basic commands | 1 | |
| Build / train | 62 | |
| Enter build submenu | 35 | |
| Enter hero's abilities submenu | 4 | |
| Remove unit from queue | 5 | |
| Right click | 139 | |
| Select / deselect | 191 | |
| Select group hotkey | 34 | |
| Use ability | 46 | |
524 total
» units
| Peon | 22 | |
| Troll Headhunter/Berserker | 6 | |
| Grunt | 3 | |
| Demolisher | 2 | |
| Troll Batrider | 10 | |
| Goblin Zeppelin | 1 | |
44 total
» upgrades
| Spiked Barricades | 3 | |
| Berserker Strength | 1 | |
| Troll Regeneration | 1 | |
| Reinforced Defenses | 1 | |
6 total
» buildings
| Altar of Storms | 1 | |
| War Mill | 1 | |
| Barracks | 2 | |
| Voodoo Lounge | 1 | |
| Orc Burrow | 6 | |
| Watch Tower | 14 | |
| Stronghold | 1 | |
| Beastiary | 1 | |
| Spirit Lodge | 1 | |
| Fortress | 1 | |
| Tauren Totem | 2 | |
31 total
» build order
00:06 Altar of Storms
00:55 War Mill
01:15 Barracks
01:33 Barracks
01:52 Voodoo Lounge
02:31 Orc Burrow
02:39 Orc Burrow
03:18 Watch Tower
04:34 Orc Burrow
05:31 Watch Tower
05:39 Watch Tower
06:06 Stronghold
08:22 Watch Tower
08:32 Watch Tower
08:43 Beastiary
08:55 Spirit Lodge
11:59 Fortress
12:09 Watch Tower
12:48 Watch Tower
12:52 Watch Tower
13:42 Orc Burrow
13:47 Orc Burrow
13:55 Orc Burrow
14:04 Watch Tower
17:59 Tauren Totem
19:18 Tauren Totem
21:27 Watch Tower
21:32 Watch Tower
22:55 Watch Tower
23:09 Watch Tower
23:14 Watch Tower
team 2 (winner)
Nice.coil (
blue | 100 APM | 2745 actions | 27:25)
7 Death Knight
3 Death Coil
3 Unholy Aura
1 Animate Dead
5 Lich
3 Frost Nova
2 Frost Armor
5 Pit Lord
3 Rain of Fire
2 Howl of Terror
3 Mountain King
2 Storm Bolt
1 Thunder Clap
» actions
| Assign group hotkey | 27 | |
| Build / train | 100 | |
| Enter build submenu | 28 | |
| Enter hero's abilities submenu | 21 | |
| Give item / drop item | 9 | |
| Right click | 1290 | |
| Select / deselect | 297 | |
| Select group hotkey | 830 | |
| Use ability | 143 | |
2745 total
» units
| Acolyte | 8 | |
| Ghoul | 3 | |
| Crypt Fiend | 13 | |
| Peasant | 3 | |
| Obsidian Statue | 2 | |
| Frost Wyrm | 6 | |
| Gargoyle | 2 | |
37 total
» upgrades
| Creature Attack | 3 | |
| Burrow | 1 | |
| Creature Carapace | 2 | |
| Web | 1 | |
| Destroyer Form | 1 | |
| Freezing Breath | 1 | |
9 total
» buildings
| Graveyard | 1 | |
| Crypt | 2 | |
| Altar of Darkness | 2 | |
| Ziggurat | 11 | |
| Tomb of Relics | 1 | |
| Necropolis | 3 | |
| Nerubian Tower | 1 | |
| Halls of the Dead | 2 | |
| Black Citadel | 1 | |
| Slaughterhouse | 1 | |
| Sacrificial Pit | 1 | |
| Spirit Tower | 6 | |
| Boneyard | 2 | |
34 total
» build order
00:19 Graveyard
00:25 Crypt
00:50 Altar of Darkness
01:00 Ziggurat
01:25 Tomb of Relics
02:04 Ziggurat
03:35 Ziggurat
03:42 Ziggurat
04:11 Necropolis
04:55 Nerubian Tower
05:35 Halls of the Dead
05:35 Halls of the Dead
07:09 Ziggurat
08:01 Black Citadel
08:30 Slaughterhouse
10:27 Sacrificial Pit
10:35 Spirit Tower
11:38 Ziggurat
11:42 Boneyard
12:13 Boneyard
14:03 Ziggurat
14:12 Ziggurat
14:39 Spirit Tower
14:57 Spirit Tower
15:17 Necropolis
16:20 Spirit Tower
16:34 Ziggurat
16:45 Ziggurat
18:00 Spirit Tower
18:15 Crypt
19:11 Spirit Tower
22:03 Ziggurat
23:30 Necropolis
25:45 Altar of Darkness
» items
| Rod of Necromancy | 2 | |
| Sacrificial Skull | 1 | |
| Scroll of Regeneration | 1 | |
| Lesser Clarity Potion | 1 | |
| Potion of Healing | 4 | |
| Scroll of Healing | 2 | |
| Potion of Lesser Invulnerability | 2 | |
| Scroll of Town Portal | 4 | |
| Orb of Corruption | 1 | |
18 total
YES_MY_LORD (
teal | 56 APM | 1526 actions | 27:25)
10 Goblin Tinker
3 Pocket Factory
3 Engineering Upgrade
3 Cluster Rockets
1 Robo-Goblin
» actions
| Assign group hotkey | 38 | |
| Basic commands | 15 | |
| Build / train | 119 | |
| Enter build submenu | 25 | |
| Enter hero's abilities submenu | 10 | |
| Give item / drop item | 5 | |
| Remove unit from queue | 1 | |
| Right click | 406 | |
| Select / deselect | 328 | |
| Select group hotkey | 421 | |
| Use ability | 158 | |
1526 total
» units
| Peasant | 19 | |
| Footman | 5 | |
| Giant Sea Turtle | 1 | |
| Makrura Snapper | 1 | |
| Mur'gul Snarecaster | 1 | |
| Makrura Deepseer | 1 | |
| Gryphon Rider | 20 | |
| Dragonhawk Rider | 3 | |
51 total
» upgrades
| Defend | 1 | |
| Swords | 3 | |
| Armor | 4 | |
| Masonry | 1 | |
| Lumber Harvesting | 1 | |
| Storm Hammers | 1 | |
| Animal War Training | 1 | |
| Cloud | 1 | |
13 total
» buildings
| Barracks | 1 | |
| Farm | 13 | |
| Altar of Kings | 1 | |
| Arcane Vault | 3 | |
| Lumber Mill | 3 | |
| Blacksmith | 1 | |
| Keep | 1 | |
| Town Hall | 2 | |
| Castle | 3 | |
| Scout Tower | 3 | |
| Guard Tower | 1 | |
| Gryphon Aviary | 3 | |
35 total
» build order
00:07 Barracks
00:36 Farm
00:37 Farm
00:50 Altar of Kings
01:34 Farm
02:32 Arcane Vault
02:53 Lumber Mill
03:13 Blacksmith
03:35 Farm
04:33 Keep
04:56 Farm
04:57 Farm
04:57 Farm
05:39 Farm
06:16 Town Hall
06:54 Castle
06:55 Castle
06:55 Castle
07:21 Scout Tower
07:22 Scout Tower
07:26 Scout Tower
07:52 Guard Tower
10:18 Gryphon Aviary
10:18 Gryphon Aviary
10:19 Gryphon Aviary
12:19 Lumber Mill
12:48 Farm
12:48 Farm
12:49 Farm
12:49 Farm
13:41 Lumber Mill
21:53 Arcane Vault
23:34 Arcane Vault
23:45 Town Hall
» items
| Scroll of Regeneration | 8 | |
| Boots of Speed | 1 | |
| Staff of Teleportation | 1 | |
| Lesser Clarity Potion | 4 | |
| Potion of Mana | 3 | |
| Potion of Healing | 3 | |
| Scroll of Town Portal | 2 | |
| Orb of Fire | 1 | |
| Scroll of Healing | 2 | |
| Potion of Lesser Invulnerability | 1 | |
26 total
WhatHappened2Me (
purple | 42 APM | 1150 actions | 27:25)
5 Archmage
2 Summon Water Elemental
2 Brilliance Aura
1 Mass Teleport
» actions
| Assign group hotkey | 16 | |
| Basic commands | 50 | |
| Build / train | 84 | |
| Enter build submenu | 69 | |
| Enter hero's abilities submenu | 5 | |
| Give item / drop item | 6 | |
| Remove unit from queue | 2 | |
| Right click | 363 | |
| Select / deselect | 344 | |
| Select group hotkey | 81 | |
| Use ability | 130 | |
1150 total
» units
| Peasant | 21 | |
| Footman | 10 | |
| Siege Engine | 7 | |
38 total
» upgrades
| Swords | 1 | |
| Plating | 4 | |
| Lumber Harvesting | 2 | |
| Masonry | 3 | |
| Defend | 1 | |
| Gunpowder | 2 | |
| Barrage | 1 | |
14 total
» buildings
| Altar of Kings | 1 | |
| Barracks | 1 | |
| Farm | 4 | |
| Scout Tower | 66 | |
| Blacksmith | 2 | |
| Arcane Tower | 1 | |
| Keep | 1 | |
| Lumber Mill | 1 | |
| Guard Tower | 10 | |
| Arcane Vault | 2 | |
| Workshop | 1 | |
| Town Hall | 2 | |
92 total
» build order
00:21 Altar of Kings
00:36 Barracks
00:51 Farm
01:07 Farm
01:12 Farm
01:42 Scout Tower
02:23 Blacksmith
02:30 Arcane Tower
03:44 Keep
03:46 Lumber Mill
10:17 Scout Tower
10:40 Scout Tower
10:44 Scout Tower
10:46 Scout Tower
10:48 Guard Tower
10:52 Scout Tower
10:54 Scout Tower
11:32 Guard Tower
11:34 Guard Tower
11:41 Arcane Vault
11:48 Scout Tower
12:05 Scout Tower
12:23 Guard Tower
12:27 Scout Tower
12:28 Scout Tower
12:33 Scout Tower
12:35 Guard Tower
12:39 Scout Tower
12:41 Scout Tower
13:10 Guard Tower
13:29 Scout Tower
13:29 Scout Tower
13:35 Scout Tower
13:35 Scout Tower
13:36 Scout Tower
13:36 Scout Tower
13:36 Scout Tower
13:37 Scout Tower
13:39 Scout Tower
13:40 Scout Tower
13:40 Scout Tower
13:40 Scout Tower
13:41 Scout Tower
13:42 Scout Tower
13:42 Scout Tower
14:10 Guard Tower
14:36 Guard Tower
16:26 Workshop
16:47 Scout Tower
16:47 Scout Tower
16:47 Scout Tower
16:49 Scout Tower
17:48 Blacksmith
17:50 Guard Tower
18:49 Town Hall
18:59 Scout Tower
19:03 Scout Tower
19:03 Scout Tower
19:04 Scout Tower
19:08 Scout Tower
19:12 Scout Tower
19:12 Scout Tower
19:13 Scout Tower
19:13 Scout Tower
19:48 Farm
20:19 Guard Tower
20:21 Scout Tower
20:21 Scout Tower
20:27 Scout Tower
20:27 Scout Tower
20:28 Scout Tower
20:28 Scout Tower
20:29 Scout Tower
20:29 Scout Tower
20:30 Scout Tower
20:30 Scout Tower
23:03 Arcane Vault
26:28 Town Hall
26:30 Scout Tower
26:31 Scout Tower
26:31 Scout Tower
26:31 Scout Tower
26:32 Scout Tower
26:32 Scout Tower
26:32 Scout Tower
26:33 Scout Tower
26:33 Scout Tower
26:34 Scout Tower
26:34 Scout Tower
26:34 Scout Tower
26:35 Scout Tower
26:35 Scout Tower
» items
| Scroll of Town Portal | 5 | |
| Potion of Healing | 1 | |
| Lesser Clarity Potion | 1 | |
| Periapt of Vitality | 2 | |
| Boots of Speed | 1 | |
| Staff of Teleportation | 1 | |
11 total
Tintamarre (
red | 65 APM | 627 actions | 09:35)
2 Archmage
1 Summon Water Elemental
1 Blizzard
» actions
| Assign group hotkey | 9 | |
| Basic commands | 1 | |
| Build / train | 40 | |
| Enter build submenu | 22 | |
| Enter hero's abilities submenu | 2 | |
| Remove unit from queue | 2 | |
| Right click | 382 | |
| Select / deselect | 116 | |
| Select group hotkey | 25 | |
| Use ability | 28 | |
627 total
» units
» upgrades
| Gunpowder | 1 | |
| Lumber Harvesting | 1 | |
| Swords | 1 | |
3 total
» buildings
| Altar of Kings | 1 | |
| Farm | 10 | |
| Barracks | 2 | |
| Lumber Mill | 1 | |
| Scout Tower | 3 | |
| Keep | 1 | |
| Guard Tower | 2 | |
| Arcane Tower | 2 | |
| Blacksmith | 1 | |
| Workshop | 4 | |
| Castle | 2 | |
| Town Hall | 1 | |
30 total
» build order
00:09 Altar of Kings
00:17 Farm
00:27 Barracks
00:59 Farm
01:37 Farm
02:16 Farm
02:23 Lumber Mill
03:05 Scout Tower
03:05 Scout Tower
03:20 Keep
03:51 Guard Tower
04:02 Farm
04:05 Arcane Tower
04:06 Arcane Tower
04:28 Blacksmith
05:12 Scout Tower
05:50 Workshop
05:55 Workshop
06:06 Guard Tower
06:11 Farm
07:22 Barracks
07:46 Castle
07:46 Castle
08:15 Town Hall
08:42 Workshop
08:52 Workshop
09:03 Farm
09:04 Farm
09:04 Farm
09:07 Farm
Chat log
(18:40 / Allies) Nice.coil: wood plz
(25:26 / All) WhatHappened2Me: KNOCK KNOCK
(25:38 / All) WhatHappened2Me: ORANGE
(25:43 / All) WhatHappened2Me: ORANGE YOU GLAD I DIDNT SAY BANANA
(26:19 / All) WhatHappened2Me: tanks are the most bullshit unit in the game!